 Dungeon Crawl Stone Soup version 0.25-a0-189-gf71692caf1 (console) character file.

Game seed: 10950065501505881531, levelgen mode: deterministic

156 Kagalorn the Magician (level 5, 0/24 HPs)
             Began as a Spriggan Enchanter on Nov 29, 2019.
             Succumbed to a worker ant's poison
             ... on level 3 of the Dungeon.
             The game lasted 00:07:41 (2732 turns).

Kagalorn the Magician (Spriggan Enchanter)          Turns: 2732, Time: 00:07:41

Health: 0/24       AC:  3    Str:  4    XL:     5   Next: 14%
Magic:  6/13       EV: 18    Int: 23    God:
Gold:   96         SH:  0    Dex: 16    Spells: 8/14 levels left

rFire    . . .     SeeInvis +   a - +1 dagger
rCold    . . .     Gourm    .   (shield restricted)
rNeg     . . .     Faith    .   b - +1 robe
rPois    .         Spirit   .   (helmet restricted)
rElec    .         Reflect  .   (no cloak)
rCorr    .         Harm     .   (gloves unavailable)
MR       .....                  (boots unavailable)
Stlth    +++.......             (no amulet)
HPRegen  0.08/turn              (no ring)
MPRegen  0.13/turn              (no ring)

@: brilliant, lethally poisoned (0 -> -1), very quick
A: very small, unfitting armour, see invisible, herbivore, speed 3, slow
metabolism 2
a: no special abilities


You were on level 3 of the Dungeon.
You were very hungry.

You visited 1 branch of the dungeon, and saw 3 of its levels.

You collected 96 gold pieces.

Inventory:

Hand Weapons
 a - a +1 dagger (weapon)
Missiles
 f - 100 stones (quivered)
 k - 15 bolts
 n - 20 arrows
Armour
 b - a +1 robe (worn)
Jewellery
 i - an uncursed ring of positive energy {unknown}
 j - an uncursed amulet of rage {unknown}
 p - an uncursed ring of protection from cold {unknown}
Wands
 m - a wand of iceblast (6)
Scrolls
 e - a scroll of enchant armour
 g - a scroll of identify {unknown}
 h - a scroll of noise {unknown}
 l - a scroll of teleportation {unknown}
 o - a scroll of blinking {unknown}
 q - a scroll of remove curse {unknown}
 r - a scroll of random uselessness {unknown}
Comestibles
 d - a ration


   Skills:
 - Level 1.1 Short Blades
 - Level 3.0 Dodging
 - Level 4.4 Stealth
 * Level 5.1 Spellcasting
 - Level 5.0 Hexes
 + Level 1.3 Ice Magic


You had 8 spell levels left.
You knew the following spells:

 Your Spells              Type           Power        Failure   Level  Hunger
a - Ensorcelled Hibernat  Hex/Ice        ####..       1%          2    None
b - Confuse               Hex            #####...     1%          3    ##.....
g - Corona                Hex            #####..      1%          1    None

Your spell library contained the following spells:

 Spells                   Type           Power        Failure   Level  Hunger
 Dazzling Spray           Conj/Hex       ####..       1%          3    ##.....
 Tukima's Dance           Hex            #####...     1%          3    ##.....


Dungeon Overview and Level Annotations

Branches:
Dungeon (3/15)

Altars:
Cheibriados
Elyvilon
Trog
Yredelemnul


Innate Abilities, Weirdness & Mutations

You are very small and have problems with some larger weapons.
You are too small for most types of armour.
You have supernaturally acute eyesight. (SInv)
You are a herbivore.
You cover ground extremely quickly.
You need to consume almost no food.


Message History

Aiming: Ensorcelled Hibernation (safe; 1% risk of failure)
Press: ? - help, Shift-Dir - straight line, f - you, p - worker ant
Okay, then.
* * * LOW HITPOINT WARNING * * *
You feel sick.
* * * LOW HITPOINT WARNING * * *
You feel sick.
Found a stone staircase leading down.
As you read the scroll labeled BUMMUEJ MAGGU, it crumbles to dust.
It is a scroll of enchant armour.
Your +0 robe glows green for a moment.
* * * LOW HITPOINT WARNING * * *
You feel sick.
Found a bloodstained altar of Trog.
* * * LOW HITPOINT WARNING * * *
You feel sick.
* * * LOW HITPOINT WARNING * * *
You feel sick.
Your magical contamination has completely faded away.
You die...

#########
#...@...#
##.#####.#
..#####.#
###....##.# #
#...##.##.#
#.#....#.##.#####
....._..........+
#.#....#.#######
#.##...#.#


There were no monsters in sight!

Vanquished Creatures
  An iguana (D:2)
  4 gnolls (D:2)
  An adder (D:2)
  7 dart slugs
  3 leopard geckos
  4 giant cockroaches
  9 goblins
  9 hobgoblins
  4 jackals (D:1)
  5 kobolds
  2 ball pythons (D:2)
  5 bats
  4 frilled lizards
  7 rats
65 creatures vanquished.

Notes
Turn   | Place    | Note
-------+----------+-------------------------------------------
     0 | D:1      | Kagalorn the Spriggan Enchanter began the quest for the
                  | Orb.
     0 | D:1      | Reached XP level 1. HP: 9/9 MP: 5/5
   361 | D:1      | Reached XP level 2. HP: 5/13 MP: 6/6
   365 | D:1      | Learned a level 2 spell: Ensorcelled Hibernation
  1162 | D:1      | Reached XP level 3. HP: 13/16 MP: 1/8
  1168 | D:1      | Learned a level 3 spell: Confuse
  1532 | D:2      | Reached skill level 5 in Hexes
  1702 | D:2      | Reached XP level 4. HP: 10/21 MP: 6/10
  1919 | D:2      | Found a snail-covered altar of Cheibriados.
  1919 | D:2      | Found a basalt altar of Yredelemnul.
  1942 | D:2      | Reached skill level 1 in Ice Magic
  2091 | D:2      | Found a white marble altar of Elyvilon.
  2498 | D:3      | Reached XP level 5. HP: 24/24 MP: 13/13
  2545 | D:3      | Reached skill level 5 in Spellcasting
  2715 | D:3      | Found a bloodstained altar of Trog.
  2718 | D:3      | HP: 1/24 [poisoned by a worker ant]
  2725 | D:3      | HP: 1/24 [poisoned by a worker ant]
  2732 | D:3      | Succumbed to a worker ant's poison

Levels and vault maps discovered:
D:1:      dpeg_arrival_court, layout_basic, serial_co_window_serial,
          co_window_of_opportunity_a, co_window_paths_a, co_window_paths_a,
          co_window_corner_a, co_window_paths_b, co_window_paths_a,
          co_window_paths_b, co_window_of_opportunity_b, co_window_broadway_a,
          co_window_broadway_a, co_window_broadway_a,
          co_window_of_opportunity_b, co_window_of_opportunity_c,
          glass_columns_a, glass_columns_a, minmay_pentomino_z2
D:2:      layout_basic, gammafunk_temple_overflow_wave, grunt_ministairs_2,
          elyvilon_altar_1
D:3:      kennysheep_slugbush, layout_basic, nicolae_overflow_crystal_walls,
          chequers_ecumenical_altar_simple_redux, hangedman_decor_growths

Skill      XL: |  1  2  3  4  5 |
---------------+----------------+-----
Hexes          | 4 5 |  5.0
Spellcasting   | 3 4 5 |  5.1
Ice Magic      | 1 |  1.3
Short Blades   | |  1.1
Dodging        | |  3.0
Stealth        | |  4.4

Action                   |  1- 3 |  4- 6 || total
-------------------------+-------+-------++-------
Melee: Dagger            |   110 |    86 ||   196
 Cast: Ensorcelled Hiber |    24 |    26 ||    50
  Use: Scroll            |       |     1 ||     1
       Potion            |       |     1 ||     1
 Stab: Sleeping          |    23 |    18 ||    41
Armor: Robe              |     6 |    11 ||    17
Dodge: Dodged            |    82 |    75 ||   157

Table legend:
 A = Non-vault XP
 B = Vault XP
 C = Vault XP percentage of total XP
 D = Non-vault monster count
 E = Vault monster count
 F = Vault count percentage of total count
                 A         B        C        D         E       F
            +---------+---------+-------+---------+---------+-------
      Total |     194 |      29 |  13.0 |      56 |       9 |  13.8
            +---------+---------+-------+---------+---------+-------
        D:1 |      40 |       2 |   4.8 |      24 |       1 |   4.0
        D:2 |     150 |       3 |   2.0 |      29 |       2 |   6.5
        D:3 |       4 |      24 |  85.7 |       3 |       6 |  66.7
            +---------+---------+-------+---------+---------+-------
